 Dungeon Crawl Stone Soup version 0.21-a0 (webtiles) character file.

501 Kriby the Conjurer (level 7, -4/41 HPs)
             Began as an Octopode Wizard on May 20, 2017.
             Killed from afar by an orc wizard (9 damage)
             ... with a puff of flame
             ... on level 5 of the Dungeon.
             The game lasted 00:12:52 (6016 turns).

Kriby the Conjurer (Octopode Wizard)                Turns: 6016, Time: 00:12:53

Health: -4/41      AC:  2    Str:  5 (6)  XL:     7   Next: 17%
Magic:  6/13       EV: 13    Int: 19 (22) God:
Gold:   166        SH:  0    Dex:  8 (11) Spells: 4/15 levels left

rFire    . . .     SeeInvis .   o - +1 spear (venom)
rCold    . . .     Gourm    .   (no shield)
rNeg     . . .     Faith    .   a - +1 hat
rPois    .         Spirit   .   m - amulet of regeneration
rElec    .         Reflect  .   (no ring)
rCorr    .         Harm     .   (no ring)
MR       .....                  (no ring)
Stlth    +++.......             (no ring)
Regen    0.6/turn               (no ring)
MPRegen  0.2/turn               (no ring)
                                (no ring)
                                (no ring)

@: flying, very slightly contaminated
A: almost no armour, stealthy swim, amphibious, 8 rings, constrict 8, camouflage
1, gelatinous body 1
a: no special abilities


You were on level 5 of the Dungeon.
You were not hungry.

You visited 2 branches of the dungeon, and saw 6 of its levels.

You collected 166 gold pieces.

Inventory:

Hand Weapons
 o - a +1 spear of venom (weapon)
 t - a +2 war axe of chopping
Armour
 a - a +1 hat (worn)
Jewellery
 m - an amulet of regeneration (around mantle)
 q - an uncursed amulet of magic regeneration
Scrolls
 e - 5 scrolls of remove curse
 f - 3 scrolls of teleportation
 j - a scroll of recharging
 l - a scroll of immolation
Potions
 d - a potion of berserk rage
 k - 2 potions of flight
 s - a potion of brilliance {unknown}
Books
 b - a book of Minor Magic

   Spells                             Type                      Level
   a - Magic Dart                     Conjuration                  1
   b - Blink                          Translocation                2
   c - Call Imp                       Summoning                    2
   d - Slow                           Hexes                        2
   e - Conjure Flame                  Conjuration/Fire             3
   f - Mephitic Cloud                 Conjuration/Poison/Air       3
Comestibles
 c - 3 bread rations
 h - 2 royal jellies
 n - 2 meat rations
 p - 12 fruits


   Skills:
 - Level 2.0 Dodging
 - Level 2.6 Stealth
 + Level 4.5 Spellcasting
 * Level 6.3 Conjurations
 - Level 1.0 Summonings
 - Level 1.0 Translocations


You had 4 spell levels left.
You knew the following spells:

 Your Spells              Type           Power        Failure   Level  Hunger
a - Magic Dart            Conj           ####         1%          1    None
b - Conjure Flame         Conj/Fire      ###.....     11%         3    ###....
c - Call Imp              Summ           #.......     13%         2    #......
g - Mephitic Cloud        Conj/Pois/Air  ##......     17%         3    ###....
T - Blink                 Tloc           N/A          13%         2    #......


Dungeon Overview and Level Annotations

Branches:
Dungeon (5/15)             Temple (1/1) D:4

Altars:
Ashenzari
Dithmenos
Elyvilon
Hepliaklqana
Nemelex Xobeh
Okawaru
Ru
Uskayaw
Vehumet
Wu Jian
Xom
Yredelemnul
Zin
Lugonu

Shops:
D:4 :


Innate Abilities, Weirdness & Mutations

You cannot wear most types of armour.
You are very stealthy in the water. (Stealth+)
You are amphibious.
You can wear up to eight rings at the same time.
You can use your tentacles to constrict eight enemies at once.
Your skin changes colour to match your surroundings (Stealth+).
Your rubbery body absorbs attacks. (AC +1, EV +1)


Message History

The quokka closely misses you. The quokka bites you. The river rat bites you!
* * * LOW HITPOINT WARNING * * *
The quokka bites you.
* * * LOW HITPOINT WARNING * * *
The orc wizard misses you.
There is a stone staircase leading up here.
It was a potion of flight.
You feel very buoyant.
You fly up into the air.
The orc wizard barely misses you. The quokka closely misses you.
The river rat misses you.
It was a potion of degeneration.
There was something very wrong with that liquid.
You feel weakened.
You feel dopey.
You feel clumsy.
The orc wizard hits you but does no damage.
The quokka misses you. The orc wizard casts a spell at you.
The puff of flame hits you!
You die...

... #########...
#.........o.
#)......o.# #
#.........#
#.#####.........#
.......r...)....#
......ro..#######
.......@r........
.................
.................
.................
.................
........++#######
........#
........#


You could see 2 orc wizards, 2 river rats and a quokka.

Vanquished Creatures
  A phantom (D:4)
  2 orc priests (D:5)
  2 orc wizards (D:3)
  A worker ant (D:4)
  Robin (D:4)
  5 gnolls (D:4)
  7 adders
  An ooze (D:1)
  An adder skeleton (D:4)
  A worm (D:4)
  A dart slug (D:2)
  3 leopard geckos
  18 orcs
  2 ball pythons
  2 giant cockroaches
  22 goblins
  9 hobgoblins
  6 jackals (D:3)
  18 kobolds
  3 quokkas
  9 bats
  3 frilled lizards
  A quokka skeleton (D:4)
  7 rats
126 creatures vanquished.

Vanquished Creatures (collateral kills)
  An orc priest (D:3)
  3 goblins (D:4)
  A hobgoblin (D:4)
5 creatures vanquished.

Grand Total: 131 creatures vanquished

Notes
Turn   | Place    | Note
-------+----------+-------------------------------------------
     0 | D:1      | Kriby the Octopode Wizard began the quest for the Orb.
     0 | D:1      | Reached XP level 1. HP: 11/11 MP: 4/4
   173 | D:1      | Reached XP level 2. HP: 17/17 MP: 3/6
   293 | D:1      | Learned a level 2 spell: Call Imp
   358 | D:1      | Reached skill level 2 in Conjurations
   370 | D:1      | You fall through a shaft!
   919 | D:2      | Reached XP level 3. HP: 21/21 MP: 5/7
  1700 | D:1      | Reached skill level 3 in Conjurations
  2145 | D:2      | Learned a level 2 spell: Blink
  2149 | D:2      | Learned a level 3 spell: Mephitic Cloud
  2159 | D:2      | Reached XP level 4. HP: 27/27 MP: 1/9
  2643 | D:3      | Found a shadowy altar of Dithmenos.
  2644 | D:3      | Found a hazy altar of Hepliaklqana.
  3079 | D:3      | Reached skill level 4 in Conjurations
  3091 | D:3      | Reached XP level 5. HP: 18/31 MP: 0/10
  3266 | D:3      | Learned a level 3 spell: Conjure Flame
  3781 | D:4      | Found a shimmering altar of Xom.
  3781 | D:4      | Found a shimmering altar of Xom.
  3786 | D:4      | Found a shimmering altar of Xom.
  4188 | D:4      | Noticed Robin
  4317 | D:3      | Reached skill level 5 in Conjurations
  4317 | D:3      | Reached XP level 6. HP: 33/36 MP: 4/12
  4578 | D:4      | Noticed a phantom
  4599 | D:4      | Killed a phantom
  4882 | D:4      | Killed Robin
  5170 | D:4      | Found a staircase to the Ecumenical Temple.
  5460 | D:4      | Reached skill level 6 in Conjurations
  5580 | D:4      | Reached XP level 7. HP: 41/41 MP: 6/13
  5652 | D:4      | Found Nauginiu's Book Shop.
  5681 | Temple   | Entered the Ecumenical Temple
  5823 | D:4      | Found a radiant altar of Vehumet.
  5996 | D:5      | Entered Level 5 of the Dungeon
  6016 | D:5      | Killed from afar by an orc wizard

Vault maps used:
D:1:      scummos_arrival_hexagon, minmay_close_crescents
D:3:      lemuel_crystal_altar, nicolae_dithmenos_through_a_glass_darkly
D:4:      corexii_shantytown, kennysheep_mini_moat, xom_redecorated,
          temple_fountains, serial_shops, kennysheep_mini, uniq_robin
D:5:      kennysheep_slug_shrine, portal_sewer_entry_a, first_bread,
          minmay_misc_feat_rugged, kennysheep_generic_room_13, uniq_edmund,
          uniq_duvessa
Temple:   corrupted_temple

Skill      XL: |  1  2  3  4  5  6 |
---------------+-------------------+-----
Conjurations   | 2 3 4 5 6 |  6.3
Spellcasting   | 4 |  4.5
Dodging        | |  2.0
Stealth        | |  2.6
Summonings     | |  1.0
Translocations | |  1.0

Action                   |  1- 3 |  4- 6 |  7- 9 || total
-------------------------+-------+-------+-------++-------
Melee: Unarmed           |    12 |    40 |       ||    52
       Tentacles         |     2 |    14 |     2 ||    18
       Constrict         |     3 |    24 |     2 ||    29
       Dagger            |       |    48 |       ||    48
       War axe           |       |    11 |       ||    11
       Spear             |       |     2 |     6 ||     8
 Cast: Magic Dart        |    71 |   177 |     5 ||   253
       Mephitic Cloud    |     1 |    10 |     2 ||    13
       Call Imp          |       |    12 |       ||    12
       Conjure Flame     |       |     2 |       ||     2
       Blink             |       |     1 |       ||     1
  Use: Potion            |       |     2 |     2 ||     4
       Scroll            |       |     6 |     1 ||     7
 Stab: Confused          |       |     1 |       ||     1
  Eat: Chunk             |     4 |    11 |     2 ||    17
Armor: Skin              |     1 |    11 |       ||    12
Dodge: Dodged            |    18 |   110 |    12 ||   140
